 Dungeon Crawl Stone Soup version 0.26.1-10-gdfb7c7de75 (webtiles) character file.

Game seed: 15415978003472257234

214742 jlumianski the Scholar (level 19, -2/149 HPs)
             Began as a Gnoll Warper on Mar 31, 2021.
             Was an Elder of Sif Muna.
             Slain by the 27-headed Lernaean hydra (14 damage)
             ... on level 3 of the Swamp on Apr 7, 2021.
             The game lasted 05:44:48 (48659 turns).

jlumianski the Scholar (Gnoll Warper)              Turns: 48659, Time: 05:44:49

Health: -2/149     AC: 18    Str: 21    XL:     19   Next: 0%
Magic:  34/36      EV: 23    Int: 32    God:    Sif Muna [****..]
Gold:   2597       SH:  8    Dex: 19    Spells: 3/44 levels left

rFire    . . .     SeeInvis +   K - +8 quick blade "Widowmaker" {flame, rC+ Str+3 Int+2}
rCold    + . .     Faith    .   Y - +0 buckler
rNeg     . . .     Spirit   .   I - +1 robe of a Hundred Curses {rElec rPois Str+4 SInv}
rPois    +         Reflect  .   (helmet restricted)
rElec    +         Harm     .   t - +0 cloak {rPois}
rCorr    .         Rampage  .   b - +2 pair of gloves {Dex+3}
Will     +....                  A - +2 pair of boots
Stlth    ++++++....             h - amulet of regeneration
HPRegen  0.74/turn              J - +6 ring of intelligence
MPRegen  0.25/turn              m - +4 ring of protection

@: no status effects
A: distributed training, fangs 1, horns 1, iridescent scales 1, thin skeletal
structure 1, strong nose
}: 1/15 runes: serpentine
a: Renounce Religion, Channel Magic, Forget Spell, Divine Exegesis


You were on level 3 of the Swamp.
You worshipped Sif Muna.
Sif Muna was greatly pleased with you.
You visited 6 branches of the dungeon, and saw 32 of its levels.
You also visited: Sewer and Gauntlet.

You collected 3028 gold pieces.
You spent 431 gold pieces at shops.

Inventory:

Hand Weapons
 l - a +7 war axe of freezing
 z - the +7 rapier of Checks and Balances {vorpal, rF- Int+5}
   (You found it on level 4 of the Dungeon)

   It inflicts extra damage upon your enemies.
   It affects your intelligence (+5).
   It makes you vulnerable to fire.
 K - the +8 quick blade "Widowmaker" (weapon) {flame, rC+ Str+3 Int+2}
   (You took it off a spriggan defender on level 2 of the Swamp)

   It has been specially enchanted to burn those struck by it, causing extra
   injury to most foes and up to half again as much damage against particularly
   susceptible opponents.
   It affects your strength (+3).
   It affects your intelligence (+2).
   It protects you from cold.
 M - a +7 war axe of electrocution
 R - the cursed +3 quarterstaff of the Five Mystics {antimagic, Str+4 Dex+4}
   (You took it off a spriggan berserker on level 2 of the Swamp)

   It reduces the magical energy of the wielder, and disrupts the spells and
   magical abilities of those hit.
   Natural abilities and divine invocations are not affected.
   It affects your strength (+4).
   It affects your dexterity (+4).
   It has a curse placed upon it.
 U - a +5 long sword of holy wrath
Missiles
 e - 5 boomerangs of dispersal
 f - 140 poisoned darts
 g - 57 boomerangs (quivered)
 y - 10 javelins
 H - 7 throwing nets
 L - 7 curare-tipped darts
Armour
 b - a +2 pair of gloves of dexterity (worn)
 t - a +0 cloak of poison resistance (worn)
 w - +0 swamp dragon scales
 A - a +2 pair of boots (worn)
 I - the +1 robe of a Hundred Curses (worn) {rElec rPois Str+4 SInv}
   (You found it on level 7 of the Dungeon)

   It affects your strength (+4).
   It insulates you from electricity.
   It protects you from poison.
   It lets you see invisible.
 N - the +0 hat of the Cicada {+Fly Int+4, unknown}
   (You found it on level 2 of the Swamp)

   It affects your intelligence (+4).
   It lets you fly.
 Y - a +0 buckler (worn)
Jewellery
 c - a cursed -4 ring of intelligence
 h - an amulet of regeneration (around neck)
 m - a +4 ring of protection (right hand)
 B - a +6 ring of dexterity
 D - an uncursed ring of flight
 J - a +6 ring of intelligence (left hand)
 P - an uncursed ring of ice
Wands
 a - a wand of iceblast (30)
 v - a wand of flame (76)
 O - a wand of digging (12)
 Z - a wand of enslavement (4)
Scrolls
 d - 2 scrolls of blinking
 i - 12 scrolls of teleportation
 o - a scroll of vulnerability
 r - 14 scrolls of remove curse
 x - 3 scrolls of fog
 E - 3 scrolls of enchant weapon
 F - 20 scrolls of identify
 G - a scroll of summoning
 S - 4 scrolls of magic mapping
 V - 2 scrolls of amnesia
 W - 3 scrolls of fear
Potions
 j - 3 potions of might
 k - 7 potions of lignification
 n - 3 potions of haste
 p - 2 potions of brilliance
 q - 2 potions of invisibility
 s - 6 potions of heal wounds
 u - 13 potions of curing
 C - a potion of cancellation
 T - 2 potions of magic
Miscellaneous
 Q - a tin of tremorstones (2/2)


   Skills:
 + Level 13.2 Fighting
 + Level 12.5 Short Blades
 + Level 12.5 Long Blades
 + Level 13.2 Axes
 + Level 12.5 Maces & Flails
 + Level 12.5 Polearms
 + Level 12.5 Staves
 + Level 12.5 Slings
 + Level 12.5 Bows
 + Level 12.5 Crossbows
 + Level 12.7 Throwing
 + Level 12.7 Armour
 + Level 13.2 Dodging
 + Level 12.5 Stealth
 + Level 12.5 Shields
 + Level 12.5 Unarmed Combat
 + Level 13.3 Spellcasting
 + Level 10.7 Conjurations
 + Level 10.7 Hexes
 + Level 10.7 Summonings
 + Level 10.7 Necromancy
 + Level 11.9 Translocations
 + Level 10.7 Transmutations
 + Level 10.7 Fire Magic
 + Level 10.7 Ice Magic
 + Level 10.7 Air Magic
 + Level 10.7 Earth Magic
 + Level 10.7 Poison Magic
 + Level 13.5 Invocations
 + Level 12.5 Evocations


You had 3 spell levels left.
You knew the following spells:

 Your Spells              Type           Power        Failure   Level
a - Blink                 Tloc           N/A          1%          2
b - Gell's Gravitas       Tloc           39%          1%          3
c - Teleport Other        Tloc           78%          1%          3
d - Summon Lightning Spi  Summ/Air       74%          1%          4
e - Ignite Poison         Fire/Tmut/Pois 74%          1%          3
f - Mephitic Cloud        Conj/Pois/Air  74%          1%          3
g - Freezing Cloud        Conj/Ice/Air   37%          4%          6
h - Confusing Touch       Hex            74%          1%          3
i - Summon Forest         Summ/Tloc      38%          1%          5
j - Bolt of Magma         Conj/Fire/Erth 37%          1%          5
k - Olgreb's Toxic Radia  Pois           74%          1%          4

Your spell library contained the following spells:

 Spells                   Type           Power        Failure   Level
 Apportation              Tloc           100%         0%          1
 Animate Skeleton         Necr           100%         1%          1
 Beastly Appendage        Tmut           100%         1%          1
 Corona                   Hex            82%          1%          1
 Magic Dart               Conj           100%         1%          1
 Sandblast                Erth           100%         1%          1
 Shock                    Conj/Air       100%         1%          1
 Sting                    Tmut/Pois      100%         1%          1
 Summon Small Mammal      Summ           100%         1%          1
 Call Imp                 Summ           74%          1%          2
 Corpse Rot               Necr/Air       N/A          1%          2
 Ensorcelled Hibernation  Hex/Ice        100%         1%          2
 Poisonous Vapours        Pois/Air       100%         1%          2
 Slow                     Hex            74%          1%          2
 Swiftness                Air            74%          1%          2
 Wereblood                Tmut           74%          1%          2
 Conjure Flame            Conj/Fire      74%          1%          3
 Dazzling Flash           Conj/Hex       100%         1%          3
 Inner Flame              Hex/Fire       74%          1%          3
 Lesser Beckoning         Tloc           39%          1%          3
 Portal Projectile        Hex/Tloc       100%         1%          3
 Spider Form              Tmut/Pois      37%          1%          3
 Static Discharge         Conj/Air       74%          1%          3
 Stone Arrow              Conj/Erth      100%         1%          3
 Tukima's Dance           Hex            74%          1%          3
 Airstrike                Air            37%          1%          4
 Animate Dead             Necr           37%          1%          4
 Cause Fear               Hex            37%          1%          4
 Ice Form                 Ice/Tmut       74%          1%          4
 Leda's Liquefaction      Hex/Erth       37%          1%          4
 Passage of Golubria      Tloc           N/A          1%          4
 Petrify                  Tmut/Erth      74%          1%          4
 Blade Hands              Tmut           37%          1%          5
 Borgnjor's Vile Clutch   Necr/Erth      37%          1%          5
 Lightning Bolt           Conj/Air       37%          1%          5
 Metabolic Englaciation   Hex/Ice        37%          1%          5
 Silence                  Hex/Air        37%          1%          5
 Summon Demon             Summ           37%          1%          5
 Summon Mana Viper        Hex/Summ       74%          1%          5
 Yara's Violent Unravell  Hex/Tmut       37%          1%          5
 Dispersal                Tloc           39%          2%          6
 Conjure Ball Lightning   Conj/Air       37%          4%          6
 Eringya's Noxious Bog    Tmut/Pois      37%          4%          6
 Hydra Form               Tmut           37%          4%          6
 Ozocubu's Refrigeration  Ice            37%          4%          6
 Shadow Creatures         Summ           N/A          4%          6
 Simulacrum               Ice/Necr       37%          4%          6
 Spellforged Servitor     Conj/Summ      37%          22%         7
 Summon Hydra             Summ           37%          22%         7
 Disjunction              Tloc           39%          71%         8
 Borgnjor's Revivificati  Necr           37%          86%         8
 Lehudib's Crystal Spear  Conj/Erth      37%          86%         8
 Tornado                  Air            37%          100%        9


Dungeon Overview and Level Annotations

Branches:
Dungeon (15/15)            Temple (1/1) D:7            Lair (6/6) D:8
  Swamp (4/4) Lair:4        Snake (4/4) Lair:2        Slime (0/5) Lair:6
    Orc (2/2) D:9             Elf (0/3) Orc:2        Vaults (0/5) D:13
 Depths (0/5) D:15          Sewer (visited)         Gauntlet (visited)

Altars:
Cheibriados
Gozag
Kikubaaqudgha
Makhleb
Nemelex Xobeh
Qazlal
Ru
Sif Muna
Trog
Uskayaw
Xom
Yredelemnul
Zin
The Shining One
Jiyva

Shops:
D:10 }   Orc:2 *::[   Snake:1 ?(!

Annotations:
Swamp:3 Lernaean hydra
Swamp:4 Mara


Innate Abilities, Weirdness & Mutations

Your experience applies equally to all skills.
You have very sharp teeth.
Your uncanny sense of smell can sniff out nearby items.
You have a pair of small horns on your head.
You are partially covered in iridescent scales. (AC +2)
You have a somewhat thin skeletal structure. (Dex +2, Stealth)


Message History

The 27-headed Lernaean hydra completely misses you.
You block the 27-headed Lernaean hydra's attack.
The 27-headed Lernaean hydra completely misses you.
You climb upwards.
There is a stone staircase leading down here.
Casting: Summon Lightning Spire (safe; 1% risk of failure)
Confirm with . or Enter, or press ? or * to list all spells.
You blink.
The 27-headed Lernaean hydra bites you!!
* * * LOW HITPOINT WARNING * * *
The 27-headed Lernaean hydra misses you.
The 27-headed Lernaean hydra bites you but does no damage.
The 27-headed Lernaean hydra closely misses you.
The 27-headed Lernaean hydra bites you!
* * * LOW HITPOINT WARNING * * *
The 27-headed Lernaean hydra bites you.
* * * LOW HITPOINT WARNING * * *
The 27-headed Lernaean hydra closely misses you.
The 27-headed Lernaean hydra bites you!
You die...

♣.≈≈..♣≈..♣♣
♣..≈≈≈≈≈≈≈.≈
♣.§≈.≈♣♣≈♣♣
♣..≈≈≈≈≈≈≈♣. ♣≈..≈♣♣♣.♣
♣.≈≈≈≈§≈≈≈♣♣ ♣♣≈.♣♣♣♣♣♣
♣♣....≈≈≈.♣♣ ♣≈.≈.♣♣
♣♣≈<..≈§≈..≈ ♣♣.§.≈♣♣
♣♣♣.≈≈≈♣≈≈≈≈≈≈
♣♣.≈..♣♣♣♣...≈≈≈♣≈≈≈≈.≈
♣♣♣♣≈≈♣...≈≈≈≈≈≈♣≈.≈≈.
♣♣§D@..≈≈..≈≈≈♣♣♣♣♣♣♣
♣♣.≈≈≈.....≈≈≈≈♣ ♣
♣..≈≈≈.....≈≈≈≈♣♣♣♣
♣≈.≈≈≈≈≈≈≈≈≈≈≈≈≈≈.♣
♣.≈≈≈≈≈≈≈≈≈≈≈≈≈≈≈≈♣
♣≈≈≈≈≈≈≈≈§≈≈≈≈≈≈≈.♣♣♣♣
♣≈.≈≈≈≈≈...(......≈≈.♣
♣≈..≈≈≈≈..≈♣♣§≈♣♣..≈≈♣
♣..≈......≈≈♣≈♣≈≈♣..≈.


You could see the 27-headed Lernaean hydra.

Vanquished Creatures
  The ghost of Zdeegee the Imperceptible, an adept OpBr of Gozag (Swamp:2)
  Frances (Snake:1)
  8 nagarajas
  Kirke (Snake:1)
  3 fenstrider witches (Swamp:3)
  The ghost of slughead422 the Cleaver, a journeyman FoFi of Zin (Lair:3)
  A spriggan defender (Swamp:2)
  A minotaur (Gauntlet)
  The ghost of Vig Uhad the Martial Artist, a journeyman OpTm of Cheibriados (Lair:5)
  6 bunyips
  An eleionoma (Swamp:3)
  Harold (D:8)
  A great orb of eyes (Gauntlet)
  A boulder beetle (D:8)
  14 naga warriors
  16 hydras
  A boulder beetle (shapeshifter) (D:13)
  2 catoblepae
  11 two-headed ogres
  5 anacondas
  A queen ant (Gauntlet)
  3 centaur warriors
  A death knight (D:13)
  2 ogre magi (D:15)
  2 tengu warriors
  5 orc high priests (Orc:2)
  7 alligators
  12 naga sharpshooters
  7 death yaks
  25 spriggans
  A spriggan berserker (Swamp:2)
  8 shock serpents
  Nergalle (Lair:2)
  9 skeletal warriors
  A goliath frog (Swamp:1)
  A sea snake (Snake:1)
  2 spriggan druids
  A salamander mystic (Snake:2)
  8 swamp dragons
  2 unseen horrors
  8 bog bodies
  3 naga ritualists
  8 orc knights
  A phantasmal warrior (D:13)
  Pikel (D:8)
  A necromancer (D:14)
  4 cyclopes
  A deep elf mage (D:13)
  2 fire giant zombies (D:15)
  3 mana vipers
  2 manticores
  2 will-o-the-wisps
  11 salamanders
  A moth of wrath (Lair:5)
  5 centaur zombies
  A stone giant zombie (D:15)
  10 ugly things
  6 elephants
  A black mamba (shapeshifter) (D:13)
  2 guardian serpents
  Joseph (D:8)
  Maurice (D:13)
  35 black mambas
  12 naga magi
  24 cane toads
  Maggie (D:6)
  3 gargoyles
  3 kobold demonologists
  4 rime drakes
  2 freezing wraiths
  An elf zombie (D:15)
  3 yaktaurs (D:15)
  8 komodo dragons
  A bloated husk (Swamp:3)
  7 trolls
  4 polar bears
  8 tyrant leeches
  13 blink frogs
  10 hornets
  3 slime creatures (D:14)
  6 dream sheep
  Sigmund (D:6)
  A meliai zombie (D:13)
  2 vampires
  4 wraiths
  4 hogs (Snake:1)
  3 water elementals
  11 wyverns
  2 basilisks
  3 steam dragons
  35 yaks
  2 humans (Snake:1)
  2 wargs
  16 swamp worms
  47 nagas
  6 vampire mosquitoes
  4 soldier ants
  An acid dragon (D:14)
  16 water moccasins
  39 orc warriors
  6 swamp drakes
  A black bear (shapeshifter) (D:13)
  A phantom (D:14)
  3 sky beasts
  An ice beast (D:10)
  6 black bears
  11 ogres
  3 boggarts (Lair:6)
  An eye of draining (D:14)
  15 centaurs
  28 wolves
  A lemure (D:8)
  Blork the orc (D:5)
  6 big kobolds
  17 bullfrogs
  2 wyvern skeletons
  2 scorpions (D:5)
  21 killer bees
  10 wights
  3 howler monkeys (D:8)
  8 electric eels
  4 jellies
  A quasit (D:11)
  9 hounds
  2 bullfrog zombies
  4 centaur skeletons
  26 orc priests
  2 bullfrog skeletons (D:5)
  2 hell rats (Lair:3)
  8 iguanas
  20 orc wizards
  9 worker ants
  2 hound zombies
  4 gnolls
  23 adders
  14 river rats
  2 shadow imps
  A white imp (D:7)
  An ufetubus (D:4)
  7 oozes
  9 worms
  4 dart slugs
  10 leopard geckos
  96 orcs
  9 bats
  14 giant cockroaches
  8 goblins
  11 hobgoblins
  9 jackals
  A quokka (D:2)
  2 ball pythons
  8 frilled lizards
  21 kobolds
  17 rats
  A spectral orc (D:7)
1106 creatures vanquished.

Vanquished Creatures (collateral kills)
  Josephine (D:12)
  A boulder beetle (D:14)
  2 naga warriors (Snake:4)
  2 hydras
  An anaconda (Snake:3)
  A spriggan berserker (Swamp:2)
  5 death yaks
  A naga sharpshooter (Snake:3)
  2 salamander mystics (Snake:3)
  A skeletal warrior (D:14)
  A goliath frog (Swamp:2)
  A swamp dragon (Swamp:3)
  2 naga ritualists
  A cyclops (D:14)
  A salamander (Snake:4)
  A moth of wrath (Swamp:2)
  A guardian serpent (Snake:4)
  3 black mambas
  A centaur zombie (D:11)
  4 naga magi
  2 blink frogs (Lair:5)
  3 yaks (Lair:5)
  A wraith (D:12)
  A spriggan (Swamp:2)
  7 nagas
  An ice beast (D:11)
  A big kobold (D:11)
  A bullfrog (Lair:5)
  An orc priest (D:15)
  4 orcs
  4 kobolds (D:11)
  A bush (Lair:5)
60 creatures vanquished.

Vanquished Creatures (others)
  A swamp dragon (Swamp:4)
  A bloated husk (Swamp:3)
  4 foxfires
  58 fungi
  128 plants
  5 snaplasher vines
  3 withered plants
200 creatures vanquished.

Grand Total: 1366 creatures vanquished

Notes
Turn   | Place    | Note
-------+----------+-------------------------------------------
     0 | D:1      | jlumianski the Gnoll Warper began the quest for the Orb.
     0 | D:1      | Reached XP level 1. HP: 20/20 MP: 6/6
   167 | D:1      | Reached XP level 2. HP: 26/26 MP: 7/7
   535 | D:1      | Reached skill level 5 in Spellcasting
   535 | D:1      | Reached XP level 3. HP: 27/31 MP: 7/9
   550 | D:1      | Learned a level 2 spell: Blink
   554 | D:1      | Learned a level 3 spell: Gell's Gravitas
   558 | D:1      | Learned a level 3 spell: Teleport Other
   733 | D:1      | Reached skill level 1 in Invocations
  1010 | D:1      | Reached skill level 1 in Short Blades
  1010 | D:1      | Reached skill level 1 in Long Blades
  1010 | D:1      | Reached skill level 1 in Maces & Flails
  1010 | D:1      | Reached skill level 1 in Polearms
  1010 | D:1      | Reached skill level 1 in Staves
  1010 | D:1      | Reached skill level 1 in Slings
  1010 | D:1      | Reached skill level 1 in Bows
  1010 | D:1      | Reached skill level 1 in Crossbows
  1010 | D:1      | Reached skill level 1 in Stealth
  1010 | D:1      | Reached skill level 1 in Shields
  1010 | D:1      | Reached skill level 1 in Unarmed Combat
  1010 | D:1      | Reached skill level 1 in Evocations
  1183 | D:2      | Reached XP level 4. HP: 38/38 MP: 11/11
  1224 | D:2      | Learned a level 4 spell: Passage of Golubria
  1507 | D:2      | Found a faded altar of an unknown god.
  1660 | D:2      | Reached skill level 1 in Conjurations
  1660 | D:2      | Reached skill level 1 in Hexes
  1660 | D:2      | Reached skill level 1 in Summonings
  1660 | D:2      | Reached skill level 1 in Necromancy
  1660 | D:2      | Reached skill level 1 in Transmutations
  1660 | D:2      | Reached skill level 1 in Fire Magic
  1660 | D:2      | Reached skill level 1 in Ice Magic
  1660 | D:2      | Reached skill level 1 in Air Magic
  1660 | D:2      | Reached skill level 1 in Earth Magic
  1660 | D:2      | Reached skill level 1 in Poison Magic
  2082 | D:2      | Reached XP level 5. HP: 32/43 MP: 8/12
  2216 | D:3      | Found a stormy altar of Qazlal.
  3548 | D:3      | Reached XP level 6. HP: 45/50 MP: 13/13
  3644 | D:4      | Got a masterwork rapier
  3645 | D:4      | Identified the +7 rapier of Checks and Balances {vorpal,
                  | rF- Int+5} (You found it on level 4 of the Dungeon)
  3989 | D:4      | Found a sparkling altar of Nemelex Xobeh.
  4002 | D:4      | Reached skill level 5 in Fighting
  4002 | D:4      | Reached skill level 5 in Axes
  4002 | D:4      | Reached skill level 5 in Dodging
  4121 | D:4      | Gained mutation: You have a pair of small horns on your
                  | head. [potion of mutation]
  4121 | D:4      | Gained mutation: You are partially covered in iridescent
                  | scales. (AC +2) [potion of mutation]
  4121 | D:4      | Gained mutation: You have a somewhat thin skeletal
                  | structure. (Dex +2, Stealth) [potion of mutation]
  4238 | D:4      | Identified the +0 leather armour "Luankoli" {rPois rF-
                  | Will+ SInv} (You found it on level 4 of the Dungeon)
  4297 | D:5      | Entered Level 5 of the Dungeon
  4399 | D:5      | Got a steaming ring mail
  4405 | D:5      | Identified the cursed +1 ring mail "Buvepy" {rF+ Int+5}
                  | (You found it on level 5 of the Dungeon)
  4526 | D:5      | Reached XP level 7. HP: 56/56 MP: 15/15
  4632 | D:5      | Noticed Blork the orc
  4711 | D:5      | Found a glowing drain.
  4728 | Sewer    | Entered a sewer
  4743 | Sewer    | Learned a level 2 spell: Call Imp
  5321 | Sewer    | Reached XP level 8. HP: 62/63 MP: 16/16
  5460 | D:5      | Killed Blork the orc
  5596 | D:4      | Learned a level 3 spell: Mephitic Cloud
  6374 | D:6      | Noticed Sigmund
  6418 | D:6      | Killed Sigmund
  6746 | D:6      | Noticed Maggie
  6753 | D:6      | Killed Maggie
  6754 | D:6      | Reached XP level 9. HP: 64/69 MP: 18/18
  7100 | D:7      | Got a crude robe
  7204 | D:7      | Reached skill level 5 in Throwing
  7204 | D:7      | Reached skill level 5 in Armour
  7447 | D:7      | Found a basalt altar of Yredelemnul.
  7615 | D:7      | Found a staircase to the Ecumenical Temple.
  7634 | Temple   | Entered the Ecumenical Temple
  7644 | Temple   | Became a worshipper of Sif Muna the Loreminder
  7656 | Temple   | Identified the +1 robe of a Hundred Curses {rElec rPois
                  | Str+4 SInv} (You found it on level 7 of the Dungeon)
  7779 | D:8      | Noticed Pikel
  7794 | D:8      | Killed Pikel
  7795 | D:8      | Reached skill level 5 in Invocations
  8021 | D:8      | Noticed Harold
  8046 | D:8      | Killed Harold
  8047 | D:8      | Reached skill level 5 in Short Blades
  8047 | D:8      | Reached skill level 5 in Long Blades
  8047 | D:8      | Reached skill level 5 in Maces & Flails
  8047 | D:8      | Reached skill level 5 in Polearms
  8047 | D:8      | Reached skill level 5 in Staves
  8047 | D:8      | Reached skill level 5 in Slings
  8047 | D:8      | Reached skill level 5 in Bows
  8047 | D:8      | Reached skill level 5 in Crossbows
  8047 | D:8      | Reached skill level 5 in Stealth
  8047 | D:8      | Reached skill level 5 in Shields
  8047 | D:8      | Reached skill level 5 in Unarmed Combat
  8047 | D:8      | Reached skill level 5 in Evocations
  8047 | D:8      | Reached XP level 10. HP: 25/77 MP: 6/20
  8078 | D:8      | Found a shimmering altar of Xom.
  8348 | D:8      | Noticed a two-headed ogre
  8372 | D:8      | Killed a two-headed ogre
  8542 | D:8      | Reached * piety under Sif Muna
  8688 | D:8      | Noticed Joseph
  8702 | D:8      | Killed Joseph
  8942 | D:8      | Noticed a boulder beetle
  8953 | D:8      | Killed a boulder beetle
  9179 | D:8      | Found a staircase to the Lair.
  9559 | D:9      | Reached XP level 11. HP: 79/84 MP: 6/22
  9833 | D:9      | Reached ** piety under Sif Muna
  9845 | D:9      | Found a staircase to the Orcish Mines.
 10057 | D:9      | Found an ancient bone altar of Kikubaaqudgha.
 10262 | D:10     | Entered Level 10 of the Dungeon
 10293 | D:10     | Reached skill level 5 in Conjurations
 10293 | D:10     | Reached skill level 5 in Hexes
 10293 | D:10     | Reached skill level 5 in Summonings
 10293 | D:10     | Reached skill level 5 in Necromancy
 10293 | D:10     | Reached skill level 5 in Transmutations
 10293 | D:10     | Reached skill level 5 in Fire Magic
 10293 | D:10     | Reached skill level 5 in Ice Magic
 10293 | D:10     | Reached skill level 5 in Air Magic
 10293 | D:10     | Reached skill level 5 in Earth Magic
 10293 | D:10     | Reached skill level 5 in Poison Magic
 11739 | D:10     | Reached *** piety under Sif Muna
 12148 | D:10     | Found Yshetotz's Gadget Shop.
 12359 | D:11     | Noticed an eight-headed hydra
 12380 | D:11     | Killed an eight-headed hydra
 12904 | D:11     | Noticed a red ugly thing
 12913 | D:11     | Killed a red ugly thing
 12945 | D:12     | Noticed a skeletal warrior
 12945 | D:12     | Noticed a skeletal warrior
 12945 | D:12     | Noticed a skeletal warrior
 12945 | D:12     | Noticed a skeletal warrior
 12945 | D:12     | Noticed a skeletal warrior
 12945 | D:12     | Noticed a seven-headed hydra
 13310 | Lair:1   | Entered Level 1 of the Lair of Beasts
 13357 | Lair:1   | Reached XP level 12. HP: 94/94 MP: 24/24
 13389 | Lair:1   | Found a snail-covered altar of Cheibriados.
 14146 | Lair:1   | Found a stormy altar of Qazlal.
 14575 | D:8      | Reached **** piety under Sif Muna
 16110 | Lair:2   | Found a staircase to the Snake Pit.
 16131 | Lair:2   | Noticed a six-headed hydra
 16138 | Lair:2   | Killed a six-headed hydra
 16157 | Lair:2   | Learned a level 3 spell: Tukima's Dance
 16161 | Lair:2   | Learned a level 3 spell: Confusing Touch
 16582 | Lair:2   | Noticed Nergalle
 16969 | Lair:2   | Killed Nergalle
 17087 | Lair:2   | Reached XP level 13. HP: 81/101 MP: 13/26
 18406 | Lair:3   | Found a runed translucent door.
 18409 | Lair:3   | Noticed slughead422's ghost (journeyman FoFi)
 19603 | Lair:3   | Reached ***** piety under Sif Muna
 20375 | Lair:4   | Found a staircase to the Swamp.
 20621 | Lair:4   | You fall into a shaft and drop 2 floors!
 20621 | Lair:6   | Entered Level 6 of the Lair of Beasts
 21039 | Lair:4   | Learned a level 5 spell: Summon Forest
 21311 | Lair:5   | Reached skill level 10 in Spellcasting
 21361 | Lair:6   | Found a stormy altar of Qazlal.
 21364 | Lair:6   | Found a staircase to the Slime Pits.
 21364 | Lair:6   | Found a viscous altar of Jiyva.
 21378 | Lair:6   | Identified Sif Muna's Papyrus of Earth (Sif Muna gifted it
                  | to you on level 6 of the Lair of Beasts)
 21378 | Lair:6   | Received a gift from Sif Muna
 21571 | Lair:5   | Reached XP level 14. HP: 102/109 MP: 28/28
 21600 | Lair:5   | Found a transporter.
 21642 | Lair:5   | Reached skill level 10 in Fighting
 21642 | Lair:5   | Reached skill level 10 in Axes
 21642 | Lair:5   | Reached skill level 10 in Dodging
 21723 | Lair:5   | Found a transporter.
 21726 | Lair:5   | Noticed Vig Uhad's ghost (journeyman OpTm)
 23054 | Lair:5   | Got a heavily runed marble ring
 23076 | Lair:5   | Killed Vig Uhad's ghost
 23606 | Lair:5   | Reached skill level 10 in Invocations
 24330 | Lair:5   | Identified the ring of Inloeh {+Blink rPois Stlth+} (You
                  | found it on level 5 of the Lair of Beasts)
 25187 | Lair:6   | Learned a level 5 spell: Bolt of Magma
 25930 | D:8      | Upgraded the game from 0.26.1-2-gb8aa6d0cf2 to
                  | 0.26.1-10-gdfb7c7de75
 26365 | D:11     | Received a gift from Sif Muna
 26374 | D:11     | Learned a level 3 spell: Ignite Poison
 26444 | D:11     | Reached skill level 10 in Throwing
 26444 | D:11     | Reached skill level 10 in Armour
 27009 | D:12     | Reached XP level 15. HP: 107/117 MP: 27/29
 27160 | D:12     | Found a snail-covered altar of Cheibriados.
 27307 | D:12     | Noticed Josephine
 27315 | D:12     | Killed Josephine
 28021 | D:13     | Reached skill level 10 in Translocations
 28042 | D:13     | Found a gate to the Vaults.
 28098 | D:13     | Noticed Maurice
 28104 | D:13     | Killed Maurice
 28824 | D:14     | Reached skill level 10 in Short Blades
 28824 | D:14     | Reached skill level 10 in Long Blades
 28824 | D:14     | Reached skill level 10 in Maces & Flails
 28824 | D:14     | Reached skill level 10 in Polearms
 28824 | D:14     | Reached skill level 10 in Staves
 28824 | D:14     | Reached skill level 10 in Slings
 28824 | D:14     | Reached skill level 10 in Bows
 28824 | D:14     | Reached skill level 10 in Crossbows
 28824 | D:14     | Reached skill level 10 in Stealth
 28824 | D:14     | Reached skill level 10 in Shields
 28824 | D:14     | Reached skill level 10 in Unarmed Combat
 28824 | D:14     | Reached skill level 10 in Evocations
 29075 | D:15     | Entered Level 15 of the Dungeon
 29113 | D:15     | Found a staircase to the Depths.
 29527 | D:15     | Found a gate leading to a gauntlet.
 29547 | Gauntlet | Entered a Gauntlet
 29547 | Gauntlet | Found a transporter.
 29560 | Gauntlet | Found a transporter.
 29592 | Gauntlet | Found a transporter.
 29594 | Gauntlet | Found a transporter.
 29596 | Gauntlet | Found a transporter.
 29626 | Gauntlet | Found a transporter.
 29634 | Gauntlet | Found a transporter.
 29636 | Gauntlet | Found a transporter.
 29670 | Gauntlet | Found a transporter.
 29686 | Gauntlet | Found a transporter.
 29704 | Gauntlet | Found a transporter.
 29724 | Gauntlet | Found a transporter.
 29736 | Gauntlet | Found a transporter.
 29748 | Gauntlet | Found a transporter.
 29760 | Gauntlet | Found a transporter.
 29772 | Gauntlet | Found a transporter.
 31174 | D:14     | Identified Sif Muna's Grimoire of Bewitching Confrontation
                  | (Sif Muna gifted it to you on level 14 of the Dungeon)
 31174 | D:14     | Received a gift from Sif Muna
 31250 | D:14     | Reached XP level 16. HP: 98/125 MP: 19/31
 32304 | D:15     | Learned a level 4 spell: Olgreb's Toxic Radiance
 33327 | Orc:1    | Entered Level 1 of the Orcish Mines
 33467 | Orc:1    | Found Ciuwea's Assorted Antiques.
 33929 | Orc:2    | Entered Level 2 of the Orcish Mines
 34249 | Orc:2    | Found a staircase to the Elven Halls.
 34594 | Orc:2    | Identified Sif Muna's Grimoire of Evil Flight (Sif Muna
                  | gifted it to you on level 2 of the Orcish Mines)
 34594 | Orc:2    | Received a gift from Sif Muna
 35176 | Orc:2    | Found Ummeor's Armour Shoppe.
 35178 | Orc:2    | Found Coinass's Book Emporium.
 35178 | Orc:2    | Found Alollein's Book Shoppe.
 35179 | Orc:2    | Found Orasam's General Store.
 35727 | Lair:3   | Killed slughead422's ghost
 35897 | Snake:1  | Entered Level 1 of the Snake Pit
 36105 | Snake:1  | Noticed Kirke
 36124 | Snake:1  | Killed Kirke
 36876 | Snake:1  | Noticed Frances
 36890 | Snake:1  | Killed Frances
 36941 | Snake:1  | Found Qobo's Distillery.
 37180 | Snake:1  | Bought a potion of heal wounds for 95 gold pieces
 37240 | Snake:1  | Found Zaguocof's Magic Scroll Shop.
 37248 | Snake:1  | Bought a scroll of immolation for 45 gold pieces
 37248 | Snake:1  | Bought a scroll of blinking for 97 gold pieces
 37248 | Snake:1  | Bought a scroll of blinking for 97 gold pieces
 37248 | Snake:1  | Bought a scroll of blinking for 97 gold pieces
 37248 | Snake:1  | Found Mant's Weapon Shop.
 38252 | Snake:2  | Reached XP level 17. HP: 120/133 MP: 20/33
 38410 | Snake:2  | Identified a scroll of acquirement
 38411 | Snake:2  | Acquired a book of the Sky
 38420 | Snake:2  | Learned a level 4 spell: Summon Lightning Spire
 38572 | Snake:2  | Received a gift from Sif Muna
 39853 | Snake:4  | Entered Level 4 of the Snake Pit
 40659 | D:8      | Learned a level 6 spell: Freezing Cloud
 40987 | Snake:4  | Reached skill level 10 in Conjurations
 40987 | Snake:4  | Reached skill level 10 in Hexes
 40987 | Snake:4  | Reached skill level 10 in Summonings
 40987 | Snake:4  | Reached skill level 10 in Necromancy
 40987 | Snake:4  | Reached skill level 10 in Transmutations
 40987 | Snake:4  | Reached skill level 10 in Fire Magic
 40987 | Snake:4  | Reached skill level 10 in Ice Magic
 40987 | Snake:4  | Reached skill level 10 in Air Magic
 40987 | Snake:4  | Reached skill level 10 in Earth Magic
 40987 | Snake:4  | Reached skill level 10 in Poison Magic
 41729 | Snake:4  | Received a gift from Sif Muna
 41965 | Snake:4  | Reached XP level 18. HP: 140/142 MP: 34/34
 42333 | Snake:4  | Got a serpentine rune of Zot
 43074 | Swamp:1  | Entered Level 1 of the Swamp
 44784 | Swamp:2  | Found a transporter.
 44786 | Swamp:2  | Found a transporter.
 44787 | Swamp:2  | Identified the +8 quick blade "Widowmaker" {flame, rC+
                  | Str+3 Int+2}
 44790 | Swamp:2  | Found a bloodstained altar of Trog.
 44790 | Swamp:2  | Noticed Zdeegee's ghost (adept OpBr)
 44790 | Swamp:2  | Identified the cursed +3 quarterstaff of the Five Mystics
                  | {antimagic, Str+4 Dex+4}
 44858 | Swamp:2  | Received a gift from Sif Muna
 45702 | Swamp:2  | Got an ichor-stained hat
 45720 | Swamp:2  | Killed Zdeegee's ghost
 46355 | Swamp:3  | Found a runed translucent door.
 47107 | Swamp:4  | Entered Level 4 of the Swamp
 48095 | Swamp:4  | Noticed Mara
 48106 | Swamp:4  | Noticed jlumianski's illusion
 48617 | Swamp:4  | Reached XP level 19. HP: 139/149 MP: 32/36
 48646 | Swamp:4  | Noticed the 27-headed Lernaean hydra
 48659 | Swamp:3  | Slain by the 27-headed Lernaean hydra

Illustrated notes

Levels and vault maps discovered:
D:1:      tarquinn_simple_flora_water_a, layout_rooms, minmay_distorted
D:2:      layout_loops_ring, chequers_ecumenical_altar_lobes,
          minmay_tiny_reverse_x
D:3:      layout_rooms, grunt_qazlal_sundering
D:4:      layout_gridville, nemelex_xobeh_ov_fountains_minmay
D:5:      layout_cave_pools, gup_sewer_entry_pipe, uniq_blork_the_orc
D:6:      layout_basic, minmay_misc_feat_tiny, uniq_maggie, uniq_sigmund
D:7:      layout_rooms, yredelemnul_forgotten_temple_becter, temple_green
D:8:      layout_rooms, kennysheep_mini_moat, lair_entry_dummy, uniq_joseph,
          uniq_pikel, uniq_harold
D:9:      layout_stronghold, lemuel_doored_altar, hiddenorc2_lemuel,
          serial_co_window_serial, co_window_paths_a, co_window_paths_a,
          co_window_of_opportunity_a, co_window_of_opportunity_a,
          co_window_paths_a, co_window_paths_c, co_window_broadway_c,
          co_window_2corner, co_window_corner_cb, co_window_4corner_b,
          co_window_4corner_a
D:10:     layout_roguey, serial_shops, nicolae_shop_behind_doors
D:11:     layout_basic
D:12:     layout_gridville, drop_trap, cheibriados_altar_1, uniq_josephine
D:13:     layout_loops_cross, david_vaults_2, hex_medium, minmay_quadrilaterals,
          uniq_maurice
D:14:     layout_cave_pods, minivault_14
D:15:     gammafunk_depths_entry_grave, layout_cave_pods,
          gauntlet_entry_generic, chequers_serial_rivers_micro_b,
          chequers_big_river, chequers_serial_rivers_micro_b,
          small_statue_alley_a, drop_trap
Temple:   eino_narrow_crystal_temple
Lair:1:   wad_woods_stonehenge, layout_gridlike, basic_altar,
          serial_bayou_pond_b, columned_hall_lemuel, lemuel_fruit_tree
Lair:2:   layout_regular_city, minmay_snake_entry_guardpost_small, uniq_nergalle
Lair:3:   layout_roguey, ebering_ghost_reflecting_pool, kennysheep_rathole
Lair:4:   layout_misc_corridors, skrybe_swamp_entry_bodies,
          beast_lair_carwin_10, serial_bayou_shore_a
Lair:5:   layout_regular_city, gammafunk_ghost_berserking_beasts,
          hibernation_bobbens, infiniplex_staircase_pool
Lair:6:   minmay_lair_end_enchanted_forest, layout_cellular_growth,
          slime_altar_1, basic_altar, grunt_megastairs_3
Swamp:1:  layout_falls_marsh, evilmike_swamp_ruin_house_2
Swamp:2:  layout_falls_marsh, gammafunk_ghost_wrathful_warriors,
          nicolae_swamp_triple_paths
Swamp:3:  layout_basic_swamp, evilmike_swamp_ruin_house_1,
          nzn_swamp_weyward_sisters
Swamp:4:  swamp_old_school, layout_basic_swamp, uniq_mara
Snake:1:  layout_chambers, serial_shops, nicolae_shop_waterfront,
          serial_bayou_pond_b, minmay_shop_star, uniq_frances, uniq_kirke
Snake:2:  layout_cave_pods
Snake:3:  layout_rooms
Snake:4:  minmay_snake_end_coiled, layout_rooms
Orc:1:    layout_caves, serial_shops, nicolae_shop_waterfront
Orc:2:    st_orc_pillars, layout_caves

Skill      XL: |  1  2  3  4  5  6  7  8  9 10 11 12 13 14 15 16 17 18 |
---------------+-------------------------------------------------------+-----
Spellcasting   | 5 6 7 8 9 10 11 12 13 | 13.3
Invocations    | 1 2 3 4 5 6 7 8 9 10 11 12 13 | 13.5
Short Blades   | 1 2 3 5 6 7 8 9 10 11 12 | 12.5
Long Blades    | 1 2 3 5 6 7 8 9 10 11 12 | 12.5
Maces & Flails | 1 2 3 5 6 7 8 9 10 11 12 | 12.5
Polearms       | 1 2 3 5 6 7 8 9 10 11 12 | 12.5
Staves         | 1 2 3 5 6 7 8 9 10 11 12 | 12.5
Slings         | 1 2 3 5 6 7 8 9 10 11 12 | 12.5
Bows           | 1 2 3 5 6 7 8 9 10 11 12 | 12.5
Crossbows      | 1 2 3 5 6 7 8 9 10 11 12 | 12.5
Stealth        | 1 2 3 5 6 7 8 9 10 11 12 | 12.5
Shields        | 1 2 3 5 6 7 8 9 10 11 12 | 12.5
Unarmed Combat | 1 2 3 5 6 7 8 9 10 11 12 | 12.5
Evocations     | 1 2 3 5 6 7 8 9 10 11 12 | 12.5
Conjurations   | 1 2 3 4 5 6 7 8 9 10 | 10.7
Hexes          | 1 2 3 4 5 6 7 8 9 10 | 10.7
Summonings     | 1 2 3 4 5 6 7 8 9 10 | 10.7
Necromancy     | 1 2 3 4 5 6 7 8 9 10 | 10.7
Transmutations | 1 2 3 4 5 6 7 8 9 10 | 10.7
Fire Magic     | 1 2 3 4 5 6 7 8 9 10 | 10.7
Ice Magic      | 1 2 3 4 5 6 7 8 9 10 | 10.7
Air Magic      | 1 2 3 4 5 6 7 8 9 10 | 10.7
Earth Magic    | 1 2 3 4 5 6 7 8 9 10 | 10.7
Poison Magic   | 1 2 3 4 5 6 7 8 9 10 | 10.7
Throwing       | 3 4 5 6 7 8 9 10 11 12 | 12.7
Armour         | 3 4 5 6 7 8 9 10 11 12 | 12.7
Fighting       | 5 6 7 8 9 10 11 12 13 | 13.2
Axes           | 5 6 7 8 9 10 11 12 13 | 13.2
Dodging        | 5 6 7 8 9 10 11 12 13 | 13.2
Translocations | 6 7 8 9 10 11 | 11.9

Action                   |  1- 3 |  4- 6 |  7- 9 | 10-12 | 13-15 | 16-18 | 19-21 || total
-------------------------+-------+-------+-------+-------+-------+-------+-------++-------
Melee: Hand axe          |   118 |   194 |       |       |       |       |       ||   312
       Bite              |     7 |    26 |    30 |    58 |   123 |   202 |       ||   446
       Punch             |       |     2 |       |    10 |    35 |       |       ||    47
       Rapier            |       |    42 |   190 |   100 |   142 |   169 |       ||   643
       Headbutt          |       |     1 |    37 |   116 |   198 |   326 |       ||   678
       War axe           |       |       |    37 |   358 |   666 |   747 |       ||  1808
       Quick blade       |       |       |       |       |       |   331 |       ||   331
Throw: Dart              |     7 |    29 |    23 |    43 |    16 |       |       ||   118
       Javelin           |       |       |       |     4 |       |       |       ||     4
       Boomerang         |       |       |       |       |    45 |   103 |       ||   148
 Cast: Gell's Gravitas   |       |    12 |    21 |    41 |    44 |    40 |       ||   158
       Blink             |       |     4 |     1 |    24 |    29 |    30 |     1 ||    89
       Mephitic Cloud    |       |       |     6 |    26 |    37 |    32 |       ||   101
       Call Imp          |       |       |     4 |     1 |     1 |       |       ||     6
       Confusing Touch   |       |       |       |     1 |     9 |     5 |       ||    15
       Summon Forest     |       |       |       |       |     9 |     8 |       ||    17
       Bolt of Magma     |       |       |       |       |    18 |    45 |       ||    63
       Ignite Poison     |       |       |       |       |    21 |    46 |       ||    67
       Tukima's Dance    |       |       |       |       |     1 |     1 |       ||     2
       Olgreb's Toxic Ra |       |       |       |       |       |    12 |       ||    12
       Summon Lightning  |       |       |       |       |       |    19 |       ||    19
       Freezing Cloud    |       |       |       |       |       |     9 |       ||     9
Invok: Forget Spell      |       |       |       |       |     1 |     1 |       ||     2
Evoke: Wand              |       |       |       |     3 |     4 |     6 |       ||    13
       Tin of tremorston |       |       |       |       |     1 |     2 |       ||     3
  Use: Scroll            |       |     7 |     9 |     8 |    18 |    11 |       ||    53
       Potion            |       |     7 |       |     6 |     4 |     6 |       ||    23
 Stab: Sleeping          |       |       |     6 |     9 |    17 |     9 |       ||    41
       Confused          |       |       |     4 |    23 |    21 |     7 |       ||    55
       Distracted        |       |       |       |     1 |     8 |     6 |       ||    15
       Petrifying        |       |       |       |       |     1 |       |       ||     1
Armor: Leather armour    |    37 |     4 |       |       |       |       |       ||    41
       Ring mail         |       |    49 |    53 |       |       |       |       ||   102
       Swamp dragon scal |       |       |    25 |       |       |       |       ||    25
       Robe              |       |       |     1 |   123 |   247 |   324 |    13 ||   708
Dodge: Dodged            |   129 |   129 |   159 |   456 |   750 |  1108 |    24 ||  2755
Block: Buckler           |       |       |       |       |   107 |   488 |     5 ||   600
